cohdb
Replays
Latest Replays
All Replays
Popular Replays
Top Player Replays
Match Explorer
How It Works
Community
CoH3 Stats
Reddit
Sign in to upload your games and track your stats! →
Sign in with Steam
Match 38902882
Unlisted
Match 38902882
Overview
Messages
Build Orders
End
Selects Airborne Battlegroup
Selects Pathfinders
Pathfinder Squad
Construct Weapon Support Center
Pathfinder Squad
Bazooka Squad
Infantry Support Center
Selects Paratrooper Squad Paradrop
Paratrooper Squad Paradrop
Construct Motor Pool
Selects Recon Loiter
M8 Greyhound Armored Car
Construct Medical Station
M1 Anti-tank Gun Team
Selects Supply Drop
Supply Drop
Recon Loiter
Munitions Surplus
Paratrooper Squad Paradrop
Improved M9 Bazooka Rockets
Supply Drop
Supply Drop
Selects Dual P-47 Rocket Strike
Advanced Logistics
Survival Training
Paratrooper Squad Paradrop
Supply Drop
Paratrooper Squad Paradrop
Supply Drop
Recon Loiter
Dual P-47 Rocket Strike
Construct Tank Depot
Supply Drop
Recon Loiter
Dual P-47 Rocket Strike
M18 Hellcat Tank Destroyer
Selects Anti-tank Gun Team Paradrop
M18 Hellcat Tank Destroyer
Recon Loiter
Supply Drop
Hooked
SneaKerz
gb_gbg
Scoutleader Fistory
Atomic™
fabzepps
0
0
Comments
sign in to comment!
No comments posted yet!